 Dungeon Sprint DCSS version 0.31-a0-1074-g0b22e4e0f1 (webtiles) character file.

Game seed: 3434144306886553308

1809 tbh1313 the Bludgeoner (level 9, 0/144 HPs)
             Began as an Ogre Berserker on Nov 28, 2023.
             Was an Elder of Trog.
             Slain by a demonic crawler (14 damage)
             ... in the Dungeon (Sprint I: "Red Sonja").
             The game lasted 00:03:14 (619 turns).

tbh1313 the Bludgeoner (Ogre Berserker)              Turns: 619, Time: 00:03:15

Health: 0/144      AC:  3    Str: 27    XL:     9   Next: 10%
Magic:  9/9        EV: 10    Int:  8    God:    Trog [****..]
Gold:   228        SH:  0    Dex:  8    Spells: 8/8 levels left

rFire   . . .        j - +0 giant club
rCold   . . .        (shield currently unavailable)
rNeg    . . .        k - +0 robe
rPois   .            (helmet restricted)
rElec   .            (no cloak)
rCorr   .            (gloves unavailable)
SInv    .            (boots unavailable)
Will    .....        (no amulet) Stlth
                     (no ring)
HPRegen 0.44/turn    (no ring)
MPRegen 0.11/turn

%: no teleportation
@: berserking, very quick
A: large, unfitting armour, tough skin 1
a: Renounce Religion, Berserk, Trog's Hand, Brothers in Arms


You were in the Dungeon.
You worshipped Trog.
Trog was greatly pleased with you.
You visited 1 branch You collected 418 gold pieces.
You spent 190 gold pieces at shops.

Inventory:

Hand Weapons
 a - a +0 mace
 j - a +0 giant club (weapon)
Armour
 k - a +0 robe (worn)
Wands
 i - a wand of mindburst (18)
Scrolls
 b - a scroll of poison {unknown}
Potions
 c - 3 potions of curing
 d - 2 potions of heal wounds
 e - a potion of haste
 f - 2 potions of magic
 g - a potion of berserk rage
 l - 2 potions of might


   Skills:
 - Level 8.0 Fighting
 * Level 17.4 Maces & Flails
 - Level 2.6 Dodging


You had 8 spell levels left.
You didn't know any spells.
Your spell library was empty.

Dungeon Overview and Level Annotations

Branches:
Dungeon (1/1)

Altars:
Cheibriados
Dithmenos
Elyvilon
Fedhas
Gozag
Hepliaklqana
Kikubaaqudgha
Makhleb
Nemelex Xobeh
Okawaru
Qazlal
Ru
Sif Muna
Trog
Uskayaw
Vehumet
Wu Jian
Xom
Yredelemnul
Zin
The Shining One
Jiyva
Lugonu

Shops:
D !


Innate Abilities, Weirdness & Mutations

You are too large for most types of armour.
You have tough skin. (AC +1)


Message History

You start waiting.
You feel less fragile.
You start waiting.
You feel yourself speed up.
You start waiting.
You recover from your berserk rage.
As you open the door, it creaks loudly!
The demonic crawler gives a hideous shriek! x2
The demonic crawler barely misses you. The demonic crawler closely misses you.
The demonic crawler barely misses you.
A red film seems to cover your vision as you go berserk!
You feel yourself moving faster!
You feel mighty!
You pound the demonic crawler like an anvil!!!
The demonic crawler is almost dead.
The demonic crawler hits you! The demonic crawler closely misses you.
The demonic crawler hits you! x3; The demonic crawler barely misses you.
You sock the demonic crawler!
You kill the demonic crawler!
Trog accepts your kill.
You can now call in reinforcements.
The demonic crawler hits you! The demonic crawler hits you.
The demonic crawler hits you but does no damage.
Your Maces & Flails skill increases to level 17!
You have reached level 9!
Your experience leads to an increase in your attributes!
Increase (s)trength, (i)ntelligence, or (d)exterity?
You feel stronger. x3
You sock the demonic crawler!
The demonic crawler is moderately wounded.
You bludgeon the demonic crawler!!
The demonic crawler is severely wounded.
The demonic crawler hits you! The demonic crawler closely misses you.
The demonic crawler hits you! x2; The demonic crawler hits you.
The demonic crawler hits you!
* * * LOW HITPOINT WARNING * * *
The demonic crawler hits you!
* * * LOW HITPOINT WARNING * * *
The demonic crawler barely misses you. x2
The demonic crawler attacks as it pursues you!
The demonic crawler hits you!
You die...

#######################
#..'..#..'..#__#.s†[..#
)..#..'[.#..'..'@s#)..##+#
#####'#####'#__####...'..#
####..#...#.#### #####..+
#__####..##.# ##
#_____##'#_.+
#_.∩...†..._#
#_..__##_.#+# #_____###+#
#######


You could see 2 demonic crawlers.

Levels and vault maps discovered:
D:        dungeon_sprint_1 [red_sonja_temple_1, red_sonja_temple_small_1]

Notes
Turn   | Place    | Note
-------+----------+-------------------------------------------
     0 | D        | tbh1313 the Ogre Berserker began the quest for the Orb.
     0 | D        | Reached XP level 1. HP: 24/24 MP: 1/1
     1 | D        | Noticed Ijyb
     7 | D        | Killed Ijyb
     8 | D        | Reached skill level 5 in Maces & Flails
     8 | D        | Reached XP level 2. HP: 32/32 MP: 2/2
     8 | D        | Reached XP level 3. HP: 39/39 MP: 3/3
    47 | D        | Noticed an ogre
    55 | D        | Killed an ogre
    56 | D        | Reached skill level 9 in Maces & Flails
    56 | D        | Reached XP level 4. HP: 16/48 MP: 4/4
   185 | D        | Noticed Sigmund
   198 | D        | Killed Sigmund
   198 | D        | Reached ** piety under Trog
   199 | D        | Reached skill level 11 in Maces & Flails
   199 | D        | Reached XP level 5. HP: 51/54 MP: 5/5
   199 | D        | Reached XP level 6. HP: 59/62 MP: 6/6
   275 | D        | Found an ornate altar of the Wu Jian Council.
   275 | D        | Found a shimmering blue altar of Sif Muna.
   277 | D        | Found a radiant altar of Vehumet.
   286 | D        | Reached skill level 12 in Maces & Flails
   336 | D        | Found Nibunedgh's Distillery.
   336 | D        | Found an ancient bone altar of Kikubaaqudgha.
   336 | D        | Found a hazy altar of Hepliaklqana.
   336 | D        | Found a stormy altar of Qazlal.
   336 | D        | Found a hide-covered altar of Uskayaw.
   336 | D        | Found a blossoming altar of Fedhas.
   336 | D        | Found a bloodstained altar of Trog.
   336 | D        | Found an iron altar of Okawaru.
   336 | D        | Found a basalt altar of Yredelemnul.
   336 | D        | Found a glowing golden altar of the Shining One.
   336 | D        | Found a snail-covered altar of Cheibriados.
   336 | D        | Found a sacrificial altar of Ru.
   336 | D        | Found a glowing silver altar of Zin.
   336 | D        | Found a shadowy altar of Dithmenos.
   336 | D        | Found a white marble altar of Elyvilon.
   336 | D        | Noticed a yak
   345 | D        | Killed a yak
   346 | D        | Reached skill level 13 in Maces & Flails
   346 | D        | Reached XP level 7. HP: 70/70 MP: 7/7
   372 | D        | Found an opulent altar of Gozag.
   373 | D        | Found a sparkling altar of Nemelex Xobeh.
   377 | D        | Bought 2 potions of might for 80 gold pieces
   377 | D        | Bought a potion of heal wounds for 50 gold pieces
   377 | D        | Bought 2 potions of curing for 60 gold pieces
   396 | D        | Found a viscous altar of Jiyva.
   396 | D        | Found a corrupted altar of Lugonu.
   396 | D        | Noticed a slime creature
   397 | D        | Found a burning altar of Makhleb.
   397 | D        | Found a shimmering altar of Xom.
   406 | D        | Killed a slime creature
   407 | D        | Reached skill level 14 in Maces & Flails
   544 | D        | Noticed a kobold demonologist
   544 | D        | Noticed a glass eye
   544 | D        | Noticed a kobold demonologist
   550 | D        | Noticed a neqoxec
   559 | D        | Killed a glass eye
   564 | D        | Killed a kobold demonologist
   564 | D        | Reached *** piety under Trog
   565 | D        | Reached skill level 15 in Maces & Flails
   565 | D        | Reached XP level 8. HP: 88/88 MP: 8/8
   573 | D        | Killed a kobold demonologist
   574 | D        | Reached skill level 16 in Maces & Flails
   579 | D        | Noticed a demonic crawler
   579 | D        | Noticed a demonic crawler
   579 | D        | Noticed a demonic crawler
   579 | D        | Noticed a demonic crawler
   616 | D        | Killed a demonic crawler
   616 | D        | Reached **** piety under Trog
   617 | D        | Reached skill level 17 in Maces & Flails
   617 | D        | Reached XP level 9. HP: 71/96 MP: 9/9
   619 | D        | HP: 14/144 [demonic crawler (14)]
   619 | D        | Slain by a demonic crawler

Table legend: (Time is in decaauts)
 A = Elapsed time spent in this place.
 B = Non-inter-level travel time spent in this place.
 C = Inter-level travel time spent in this place.
 D = Time resting spent in this place.
 E = Time spent auto-exploring this place.
 F = Levels seen in this place.
 G = Mean time per level.
                   A        B        C        D        E       F      G
               +--------+--------+--------+--------+--------+-----+--------+
         Total |    656 |    656 |      0 |    459 |     47 |   1 |  656.0 |
       Dungeon |    656 |    656 |      0 |    459 |     47 |   1 |  656.0 |
               +--------+--------+--------+--------+--------+-----+--------+

Top non-repeatable levels by time:
       D: 656 daAuts

Table legend:
 A = Kills in this place as a percentage of kills in the entire game.
 B = Kills by you in this place as a percentage of kills by you in the entire game.
 C = Kills by friends in this place as a percentage of kills by friends in the entire game.
 D = Other kills in this place as a percentage of other kills in the entire game.
 E = Experience gained in this place as a percentage of experience gained in the entire game.
 F = Experience gained in this place divided by the number of levels of this place that you have seen.
                   A       B       C       D       E      F
               +-------+-------+-------+-------+-------+----------------------
         Total | 100.0 | 100.0 |   N/A |   N/A | 100.0 | 2585.0
       Dungeon | 100.0 | 100.0 |   N/A |   N/A | 100.0 | 2585.0
               +-------+-------+-------+-------+-------+----------------------

Action                     |  1- 3 |  4- 6 |  7- 9 || total
---------------------------+-------+-------+-------++-------
  Melee: Mace              |    10 |    22 |    34 ||    66
         Punch             |       |     1 |       ||     1
         Giant club        |       |       |     4 ||     4
 Invoke: Berserk           |     2 |     2 |     3 ||     7
         Trog's Hand       |       |       |     1 ||     1
    Use: Scroll            |       |       |     1 ||     1
 Armour: Animal skin       |     5 |     3 |       ||     8
         Robe              |       |     6 |    20 ||    26
  Dodge: Dodged            |     1 |     6 |    10 ||    17

Vanquished Creatures
  A demonic crawler (D)
  2 kobold demonologists (D)
  A glass eye (D)
  A slime creature (D)
  Sigmund (D)
  A yak (D)
  An ogre (D)
  A jelly (D)
  Ijyb (D)
10 creatures vanquished.
